 Dungeon Crawl Stone Soup version 0.31-a0-667-g39726597b9 (webtiles) character file.

Game seed: 9219525268941100643

237794 Xavori the Metamorph (level 19, -8/168 HPs)
             Began as a Vine Stalker Chaos Knight on Sept 3, 2023.
             Was a Plaything of Xom.
             Mangled by a snapping turtle (13 damage)
             ... while petrified by you
             ... on level 4 of the Shoals.
             The game lasted 00:56:07 (39978 turns).

Xavori the Metamorph (Vine Stalker Chaos Knight)   Turns: 39978, Time: 00:56:07

Health: -8/168     AC: 11    Str: 16    XL:     19   Next: 70%
Magic:  0/25       EV:  2    Int: 14    God:    Xom [....*.]
Gold:   1666       SH:  0    Dex: 26    Spells: 22/22 levels left

rFire   + + .        S - +5 dagger (venom)
rCold   + + +        q - +2 buckler {reflect}
rNeg    + + +        X - melded +0 ice dragon scales
rPois   ∞            M - +0 helmet "Aliujauz" {rPois Int+2 Dex+3 SInv}
rElec   +            O - scarf {rC+ rF+}
rCorr   +            Z - +2 pair of gloves
SInv    +            J - +1 pair of boots
Will    ++...        u - amulet of regeneration Stlth
                     l - +4 ring of slaying
HPRegen 2.88/turn    Q - +4 ring of protection
MPRegen 0.19/turn

%: reflection, guardian spirit
@: agile, berserking, maw-form, resistant, petrified, unable to drink, very slow
A: devouring maw, fangs 3, regeneration 2, magic shield, antimagic bite, no
potion heal 2, thin skeletal structure 1, cold resistance 1, deformed body, high
MP 1, robust 1, wild magic 1, inability to drink after injury 1
}: 1/15 runes: serpentine
a: Begin Untransformation, Renounce Religion


You were on level 4 of the Shoals.
You worshipped Xom.
You were a beloved toy of Xom.
You were a creature with a mouth for a stomach.
You visited 5 branches of the dungeon, and saw 30 of its levels.
You also visited: Ice Cave.

You collected 3137 gold pieces.
You spent 1471 gold pieces at shops.

Inventory:

Hand Weapons
 H - a +2 vampiric dagger
 S - a +5 dagger of venom (weapon)
Armour
 a - a +0 buckler
 q - a +2 buckler of reflection (worn)
 J - a +1 pair of boots (worn)
 M - the +0 helmet "Aliujauz" (worn) {rPois Int+2 Dex+3 SInv}
   (You bought it in a shop on level 2 of the Orcish Mines)

   Int+2:     It affects your intelligence (+2).
   Dex+3:     It affects your dexterity (+3).
   rPois:     It protects you from poison SInv: It lets you see invisible.
 O - a scarf of resistance (worn)
 X - +0 ice dragon scales (melded)
 Z - a +2 pair of gloves (worn)
Jewellery
 l - a +4 ring of slaying (left hand)
 u - an amulet of regeneration (around neck)
 A - a ring of protection from fire
 G - a +5 ring of evasion
 K - a ring of poison resistance
 Q - a +4 ring of protection (right hand)
 V - a ring of protection from cold
 Y - a ring of resist corrosion
Talismans
 t - a maw talisman (active)
Wands
 b - a wand of digging (14)
 p - a wand of roots (25)
 x - a wand of light (9)
 y - a wand of polymorph (5)
 N - a wand of mindburst (3)
 P - a wand of charming (23)
 R - a wand of flame (33)
Scrolls
 c - a scroll of butterflies
 e - 4 scrolls of enchant weapon
 g - 13 scrolls of teleportation
 i - 4 scrolls of poison
 r - 11 scrolls of revelation
 s - 8 scrolls of identify
 z - a scroll of fear
 D - 2 scrolls of enchant armour
 E - 4 scrolls of fog
 I - 2 scrolls of silence
 L - 4 scrolls of immolation
 W - 2 scrolls of blinking
Potions
 d - 3 potions of invisibility
 f - 13 potions of curing
 h - 5 potions of haste
 j - 6 potions of cancellation
 k - 6 potions of brilliance
 m - 6 potions of attraction
 n - 8 potions of might
 o - 3 potions of resistance
 v - 8 potions of enlightenment
 w - 4 potions of ambrosia
 B - 4 potions of mutation
 C - 3 potions of magic
 T - 2 potions of lignification
Miscellaneous
 U - a lightning rod (4/4)


   Skills:
 + Level 12.1 Fighting
 + Level 12.0 Short Blades
 + Level 9.3 Armour
 + Level 11.1 Dodging
 + Level 16.6 Stealth
 + Level 6.4 Shields
 - Level 2.0 Spellcasting
 - Level 8.4 Evocations
 * Level 17.6 Shapeshifting


You had 22 spell levels left.
You didn't know any spells.
Your spell library contained the following spells:

 Spells                   Type           Power      Damage    Failure   Level
 Apportation              Tloc           2%         N/A       36%         1
 Magic Dart               Conj           4%         1d3       36%         1
 Necrotise                Necr           4%         1d4       36%         1
 Call Imp                 Summ           2%         N/A       50%         2
 Cigotuvi's Dreadful Rot  Necr/Pois/Air  2%         N/A       50%         2
 Ensorcelled Hibernation  Hex/Ice        2%         N/A       50%         2
 Lesser Beckoning         Tloc           2%         N/A       50%         2
 Momentum Strike          Conj/Tloc      2%         3d8       50%         2
 Passwall                 Tmut/Erth      0%         N/A       50%         2
 Gell's Gravitas          Tloc           1%         N/A       73%         3
 Inner Flame              Hex/Fire       1%         N/A       73%         3
 Mephitic Cloud           Conj/Pois/Air  1%         N/A       73%         3
 Swiftness                Air            1%         N/A       73%         3
 Teleport Other           Tloc           1%         N/A       73%         3
 Vampiric Draining        Necr           1%         2d6       73%         3
 Animate Armour           Summ/Erth      2%         N/A       98%         4
 Flame Wave               Conj/Fire      1%         2d4       98%         4
 Sticky Flame             Conj/Fire      1%         2d3       98%         4
 Summon Ice Beast         Ice/Summ       1%         N/A       98%         4
 Summon Lightning Spire   Summ/Air       1%         N/A       98%         4
 Vhi's Electric Charge    Tloc/Air       2%         N/A       98%         4
 Agony                    Necr           1%         N/A       100%        5
 Alistair's Intoxication  Tmut/Pois      0%         N/A       100%        5
 Irradiate                Conj/Tmut      0%         3d11      100%        5
 Iskenderun's Battlesphe  Conj           1%         2d6       100%        5
 Lee's Rapid Deconstruct  Erth           0%         3d4*      100%        5
 Leda's Unmaking          Conj/Erth      0%         9d1       100%        6
 Simulacrum               Ice/Necr       0%         N/A       100%        6
 Ozocubu's Refrigeration  Ice            0%         4d7       100%        7
 Spellforged Servitor     Conj/Summ      0%         N/A       100%        7
 Polar Vortex             Ice            0%         N/A       100%        9


Dungeon Overview and Level Annotations

Branches:
Dungeon (15/15)            Temple (0/1) D:7            Lair (5/5) D:10
 Shoals (4/4) Lair:3        Snake (4/4) Lair:3        Slime (0/5) Lair:5
    Orc (2/2) D:10            Elf (0/3) Orc:2        Vaults (0/5) D:13
 Depths (0/4) D:15          IceCv (visited)

Altars:
Fedhas
Gozag
Kikubaaqudgha
Qazlal
Trog
Uskayaw
Wu Jian
Xom
The Shining One
Jiyva

Shops:
D:2 (   D:4 :   D:5 (!(   D:10 =   Orc:2 ?(**   Shoals:1 [   Snake:1 !
Snake:2 [   Snake:3 :=:   Snake:4 :

Annotations:
D:8 2 transporters, 2 runed translucent doors, javelincjr's ghost, novice DsCj
Snake:2 Roxanne


Innate Abilities, Weirdness & Mutations

You are a creature with a mouth for a stomach.
Your midsection houses a second, enormous mouth.
You are immune to poison.
You have razor-sharp teeth.
You heal very quickly.
When hurt, damage is shared between your health and your magic reserves.
Your bite disrupts and absorbs the magic of your enemies.
Potions cannot restore your health.
You have a somewhat thin skeletal structure. (Dex +2, Stealth+)
Your flesh is cold resistant. (rC+)
Armour fits poorly on your strangely shaped body.
You have an increased reservoir of magic. (+10% MP)
You are robust. (+10% HP)
Your spells are a little harder to cast, but a little more powerful.
You occasionally lose the ability to drink potions when taking damage.


Message History

You are engulfed in seething chaos.
The snapping turtle is no longer moving slowly.
The butterfly is engulfed in seething chaos. x2
The sea snake completely misses the butterfly.
The manticore bites you!
* * * LOW HITPOINT WARNING * * *
The manticore claws you!
* * * LOW HITPOINT WARNING * * *
The manticore claws you.
* * * LOW HITPOINT WARNING * * *
The snapping turtle is engulfed in seething chaos.
The snapping turtle seems to grow stronger.
The snapping turtle bites you from afar!
* * * LOW HITPOINT WARNING * * *
The sea snake bites the butterfly!!
The butterfly dies!
The butterfly disappears in a puff of smoke!
You are engulfed in seething chaos.
The manticore bites you!!
* * * LOW HITPOINT WARNING * * *
The manticore claws you.
* * * LOW HITPOINT WARNING * * *
The manticore completely misses you. The water nymph touches you!
* * * LOW HITPOINT WARNING * * *
Splash!
You fall into the shallow water.
Moving in this stuff is going to be slow.
The snapping turtle is engulfed in seething chaos.
The snapping turtle bites you from afar!!
* * * LOW HITPOINT WARNING * * *
You are engulfed in seething chaos.
You feel protected.
The manticore bites you but does no damage.
The manticore claws you!
* * * LOW HITPOINT WARNING * * *
The manticore claws you!
* * * LOW HITPOINT WARNING * * *
The snapping turtle is engulfed in seething chaos.
The snapping turtle bites you from afar!!
You die...
Xom thinks this is hilarious!

#..~~.......#PP
##.~~.m#...# #P
##.~~......#### ~
#..~~.##....... ~~
##.~~)..##...... ~~~
#~~~~~~.....#### ~~~~,
#~~≈≈~.....##...
..~~.####~≈≈~~~~~..#....
#.~~.§W~)≈≈~.~≈~~.#.)..
#..~~H§m~≈~#####~.#....
#..~~St~§≈## ##.##...
#...~~.~≈≈~# #~.##'#
..~..#.~~~~# #~~~...
~~~..##...~# #~~~...
~~~~ .~~.~# #~~~... ~~~~
..~~~~~ #~~~~... ~~~
..~~~~~~ ..~~~....


You could see a sea snake, a snapping turtle (strong, agile, resistant), a
manticore (strong) and a water nymph (slow).

Vanquished Creatures
  Vashnia (Snake:4)
  Nikola (Snake:2)
  Rupert (D:13)
  A quicksilver dragon (Snake:4)
  Gastronok (Lair:3)
  5 nagarajas
  A frost giant (IceCv)
  Louise (Snake:4)
  An orc warlord (Orc:1)
  Azrael (D:15)
  An elemental wellspring (Shoals:2)
  A dire elephant (D:15)
  The ghost of Osoi the Fighter, a journeyman DsFi of Qazlal (Lair:2)
  2 green deaths (Snake:1)
  3 merfolk impalers
  The ghost of Wokir the Slicer, a journeyman DsEn of Nemelex Xobeh (Lair:2)
  A merfolk javelineer (Shoals:3)
  A fire dragon (Lair:5)
  5 hydras
  Harold (D:10)
  A salamander tyrant (Snake:4)
  Erolcha (D:12)
  2 merfolk avatars
  4 vault guards (D:13)
  8 merfolk aquamancers
  2 catoblepae (D:14)
  The ghost of Vadghucic the Thaumaturge, a journeyman DsFE of Vehumet (Lair:2)
  The ghost of Vadghucic the Thaumaturge, a journeyman DsFE of Vehumet (Lair:2)
  3 boulder beetles
  An alligator snapping turtle (Shoals:3)
  2 centaur warriors
  6 ogre magi
  9 anacondas
  20 two-headed ogres
  12 naga warriors
  2 satyrs (Shoals:3)
  The ghost of gurdl9716 the Basher, a novice GnCA of Ignis (D:9)
  14 death yaks
  5 shock serpents
  10 naga sharpshooters
  5 skysharks
  2 salamander mystics
  Lodul (D:13)
  A death drake (Snake:3)
  11 sea snakes
  A deep troll (shapeshifter) (Orc:1)
  10 naga ritualists
  A swamp dragon (Shoals:1)
  2 orc knights
  10 harpies
  4 deep elf pyromancers
  2 lindwurms
  11 mana vipers
  19 ugly things
  17 manticores
  10 salamanders
  7 cyclopes
  2 orc sorcerers
  10 fauns
  A salamander (shapeshifter) (D:14)
  An ice statue (IceCv)
  11 elephants
  5 water nymphs
  16 naga magi
  5 merfolk sirens
  29 black mambas
  11 guardian serpents
  2 torpor snails
  3 molten gargoyles (Lair:5)
  4 gargoyles
  4 rime drakes
  An unseen horror (shapeshifter) (Snake:3)
  15 cane toads
  13 komodo dragons
  2 unseen horrors
  2 tengu conjurers
  23 merfolk
  2 kobold demonologists (D:10)
  A meliai (shapeshifter) (D:15)
  A troll (shapeshifter) (D:14)
  10 polar bears
  6 meliai
  11 trolls
  6 wind drakes
  5 dream sheep (Shoals:3)
  22 blink frogs
  9 slime creatures
  7 snapping turtles
  A raiju (shapeshifter) (Lair:4)
  Sigmund (D:4)
  4 shadows
  A spriggan (shapeshifter) (D:13)
  2 wraiths (D:10)
  A vampire (D:10)
  23 water elementals
  4 wyverns
  4 fire bats (D:9)
  2 hogs (shapeshifter) (Lair:5)
  6 basilisks
  71 yaks
  5 fire elementals
  7 vampire mosquitoes
  2 steam dragons
  3 wargs
  Menkaure (D:7)
  53 nagas
  9 water moccasins
  6 hell hounds
  4 ice beasts
  19 orc warriors
  3 black bears
  4 boggarts (D:15)
  38 ogres
  17 wolves (IceCv)
  6 centaurs
  3 lemures (D:7)
  6 kobold brigands
  16 bullfrogs
  2 scorpions
  5 killer bees
  An electric eel (Lair:5)
  6 howler monkeys
  7 lava snakes
  A crimson imp (D:7)
  A hound (D:6)
  14 orc priests
  A jelly (D:6)
  6 iguanas
  Jessica (D:3)
  A sleepcap (D:5)
  Natasha (thrice) (D:2)
  30 orc wizards
  8 gnolls
  7 adders
  A shadow imp (D:6)
  3 worms
  2 dart slugs
  56 orcs
  6 ball pythons
  9 endoplasms
  3 giant cockroaches
  6 goblins
  6 hobgoblins
  13 jackals
  25 kobolds
  7 quokkas
  7 bats
  2 rats
1052 creatures vanquished.

Vanquished Creatures (collateral kills)
  2 merfolk impalers
  A death yak (Lair:5)
  A shock serpent (Snake:4)
  Pikel (D:7)
  3 black mambas (Snake:4)
  A cane toad (Lair:4)
  A komodo dragon (Lair:2)
  A merfolk (Shoals:3)
  3 yaks
  2 nagas
16 creatures vanquished.

Vanquished Creatures (others)
  A merfolk javelineer (Shoals:4)
  A merfolk avatar (Shoals:4)
  A dancing weapon (Snake:4)
  A death yak (IceCv)
  A salamander (Snake:3)
  2 fauns (Shoals:1)
  A naga mage (Snake:1)
  A yak (IceCv)
  A wolf (IceCv)
10 creatures vanquished.

Grand Total: 1078 creatures vanquished

Notes
Turn   | Place    | Note
-------+----------+-------------------------------------------
     0 | D:1      | Xavori the Vine Stalker Chaos Knight began the quest for
                  | the Orb.
     0 | D:1      | Reached XP level 1. HP: 11/11 MP: 2/2
    86 | D:1      | Reached skill level 1 in Dodging
   206 | D:1      | Reached XP level 2. HP: 16/16 MP: 3/3
   265 | D:1      | XOM: silly message
   300 | D:1      | XOM is BORED!
   300 | D:1      | XOM: silly message
   442 | D:1      | XOM: silly message
   458 | D:1      | XOM: silly message
   652 | D:1      | XOM: silly message
   672 | D:1      | Reached skill level 1 in Shapeshifting
   686 | D:1      | Reached XP level 3. HP: 20/20 MP: 4/4
   690 | D:1      | XOM: silly message
   948 | D:1      | XOM: silly message
  1261 | D:1      | XOM: give mutations
  1261 | D:1      | Gained mutation: You are robust. (+10% HP) [Xom's grace]
  1261 | D:1      | Gained mutation: Your mind is acute. (Int +4, Str/Dex -1)
                  | [Xom's grace]
  1261 | D:1      | Gained mutation: You heal very quickly. [Xom's grace]
  1288 | D:1      | XOM is BORED!
  1288 | D:1      | XOM: give mutations
  1288 | D:1      | Lost mutation: Your mind is acute. (Int +4, Str/Dex -1)
                  | [Xom's mischief]
  1288 | D:1      | Gained mutation: You have sharp toenails. [Xom's mischief]
  1675 | D:1      | XOM: cloud trail
  1778 | D:1      | XOM: scenery: 1 doors close
  3268 | D:1      | XOM: silly message
  4553 | D:1      | XOM: silly message
  4737 | D:1      | XOM: cloud trail
  4867 | D:1      | XOM is BORED!
  5271 | D:1      | XOM: cloud trail
  5302 | D:1      | XOM: scenery: 1 doors open
  5450 | D:1      | XOM: give mutation
  5450 | D:1      | Lost mutation: You have sharp toenails. [Xom's mischief]
  6293 | D:1      | XOM: silly message
  6315 | D:1      | XOM is BORED!
  6913 | D:1      | XOM: god gift: leather armour {god gift}
  8199 | D:1      | XOM: give mutations
  8199 | D:1      | Gained mutation: You have large cloven feet. [Xom's grace]
  8199 | D:1      | Gained mutation: You are very robust. (+20% HP) [Xom's
                  | grace]
  8199 | D:1      | Gained mutation: You have sharp fingernails. [Xom's grace]
  8537 | D:1      | XOM: divination: magic mapping
  8781 | D:1      | XOM: divination: magic mapping
  9121 | D:1      | XOM: silly message
  9564 | D:1      | XOM: silly message
  9991 | D:1      | XOM: silly message
  9997 | D:1      | XOM: silly message
 10004 | D:1      | XOM: silly message
 10029 | D:1      | XOM is BORED!
 10029 | D:1      | XOM: silly message
 10119 | D:1      | XOM: silly message
 10239 | D:1      | XOM: silly message
 10267 | D:2      | Found a faded altar of an unknown god.
 10359 | D:2      | XOM: 1-stop teleportation journey
 10452 | D:2      | Noticed Natasha
 10459 | D:2      | Killed Natasha
 10460 | D:2      | Reached XP level 4. HP: 24/28 MP: 5/5
 10635 | D:2      | Reached skill level 1 in Stealth
 10771 | D:2      | Found Zeiss's Antique Weapon Emporium.
 10814 | D:2      | Noticed Natasha
 10819 | D:2      | Killed Natasha
 10845 | D:2      | Noticed Natasha
 10846 | D:2      | XOM: cast spell 'Monstrous Menagerie'
 10849 | D:2      | Killed Natasha
 10850 | D:2      | Reached XP level 5. HP: 33/33 MP: 6/6
 10888 | D:2      | XOM: god gift: book of Party Tricks
 10903 | D:2      | XOM: give mutations
 10903 | D:2      | Gained mutation: You are dopey. (Int -2) [Xom's mischief]
 10903 | D:2      | Gained mutation: You have supernaturally acute eyesight.
                  | (SInv) [Xom's mischief]
 10908 | D:2      | You fall into a shaft and drop 2 floors!
 10908 | D:4      | Found Xuqakyre's Vocational Training.
 11097 | D:3      | Noticed Jessica
 11102 | D:3      | Killed Jessica
 11262 | D:3      | Reached skill level 2 in Shapeshifting
 11425 | D:3      | Found a glowing golden altar of the Shining One.
 11434 | D:3      | Reached XP level 6. HP: 24/38 MP: 7/7
 11652 | D:3      | XOM: give mutation
 11652 | D:3      | Lost mutation: You are dopey. (Int -2) [Xom's grace]
 11832 | D:4      | XOM: god gift: wand of polymorph (5)
 11867 | D:4      | XOM: give mutation
 11867 | D:4      | Gained mutation: Your mind is acute. (Int +4, Str/Dex -1)
                  | [Xom's grace]
 11945 | D:4      | Found a hide-covered altar of Uskayaw.
 11945 | D:4      | Found an opulent altar of Gozag.
 12169 | D:4      | Noticed Sigmund
 12185 | D:4      | Killed Sigmund
 12186 | D:4      | Reached skill level 1 in Evocations
 12186 | D:4      | Reached XP level 7. HP: 24/43 MP: 3/8
 12295 | D:4      | Identified the +2 robe of Bad Feelings {Dex+6}
 12500 | D:4      | XOM: god gift: 23 gold pieces
 12536 | D:4      | XOM: divination: magic mapping
 12774 | D:4      | Found a stormy altar of Qazlal.
 12935 | D:5      | Entered Level 5 of the Dungeon
 13004 | D:5      | XOM: god gift: wand of digging (6)
 13169 | D:5      | Reached skill level 3 in Shapeshifting
 13190 | D:5      | XOM: divination: detect items
 13193 | D:5      | Gained mutation: You have razor-sharp teeth. [Vine Stalker
                  | growth]
 13193 | D:5      | Reached XP level 8. HP: 32/50 MP: 4/9
 13334 | D:5      | XOM: scenery: create altars
 13408 | D:5      | Found Ezeiveq's Weapon Shop.
 13409 | D:5      | Found Leacuot's Distillery.
 13410 | D:5      | Found Fasoqorgh's Weapon Shop.
 13416 | D:5      | Bought a potion of enlightenment for 55 gold pieces
 13416 | D:5      | Bought a potion of curing for 33 gold pieces
 13416 | D:5      | Bought a potion of might for 44 gold pieces
 13416 | D:5      | Bought a potion of attraction for 33 gold pieces
 13538 | D:5      | Found a shimmering altar of Xom.
 13554 | D:5      | XOM: god gift: stone
 13555 | D:5      | XOM: draining
 13766 | D:6      | XOM: scenery: create altars
 13855 | D:6      | Reached skill level 5 in Short Blades
 13886 | D:6      | XOM: cast spell 'Summon Small Mammal'
 14933 | D:7      | Found a staircase to the Ecumenical Temple.
 14981 | D:7      | XOM: summons friendly quasit
 14987 | D:7      | Reached skill level 4 in Shapeshifting
 14987 | D:7      | Reached XP level 9. HP: 54/54 MP: 10/10
 15097 | D:7      | Found an ancient bone altar of Kikubaaqudgha.
 15201 | D:7      | Noticed Menkaure
 15206 | D:7      | XOM: divination: magic mapping
 15208 | D:7      | XOM: potion effect (brilliance)
 15210 | D:7      | Killed Menkaure
 15228 | D:7      | XOM: confusion
 15256 | D:7      | XOM: polymorph shadow imp -> crimson imp
 15394 | D:8      | Noticed Pikel
 15432 | D:7      | XOM: confusion (+ monsters)
 15436 | D:7      | XOM: summons friendly white imp
 15443 | D:7      | Killed Pikel
 15444 | D:7      | Reached skill level 5 in Armour
 15505 | D:8      | Found a transporter.
 15637 | D:8      | Found a large runed translucent door.
 15637 | D:8      | Found a large runed translucent door.
 15652 | D:8      | XOM: summons 6 friendly demons
 15682 | D:8      | Noticed a troll
 15685 | D:8      | Killed a troll
 15686 | D:8      | Reached skill level 5 in Stealth
 15686 | D:8      | Reached XP level 10. HP: 61/61 MP: 11/11
 15687 | D:8      | Identified the +1 long sword "Emnollaq" {heavy, rN++ Will+}
 15703 | D:8      | Noticed a cyclops
 15710 | D:8      | Found a large runed translucent door.
 15710 | D:8      | Found a large runed translucent door.
 15729 | D:8      | Reached skill level 5 in Fighting
 15729 | D:8      | Reached skill level 5 in Shapeshifting
 15749 | D:8      | Identified the +10 mace of Beloved Valiance {heavy, +Blink
                  | rN+ Str-5}
 15829 | D:8      | XOM is BORED!
 15829 | D:8      | XOM: draining
 15877 | D:8      | a yak changed into a black mamba
 15877 | D:8      | Noticed a black mamba
 15877 | D:8      | XOM: polymorph yak -> black mamba
 15879 | D:8      | XOM: smoke on damage
 15887 | D:8      | Xom revived you
 15891 | D:8      | Killed a black mamba
 15933 | D:8      | XOM: potion effect (might)
 16052 | D:8      | Identified the +5 spear of Defiance {elec, Dex+4 Stlth+}
 16052 | D:8      | Identified the +1 buckler "Zet Qit" {Drain rElec MP+9
                  | Int+7}
 16066 | D:8      | Found a transporter.
 16088 | D:8      | XOM: scenery: create altars
 16317 | D:8      | XOM: scenery: summon butterflies
 16321 | D:8      | Identified the staff "Wimam" {*Corrode rC+++ rN+ Str+2
                  | Int+3 Necro}
 16324 | D:8      | Noticed javelincjr's ghost (novice DsCj)
 16447 | D:8      | XOM: noise
 16453 | D:8      | XOM: silly message
 16484 | D:8      | Killed a cyclops
 16562 | D:8      | XOM: silly message
 16570 | D:9      | Noticed a two-headed ogre
 16577 | D:9      | XOM: potion effect (experience)
 16577 | D:9      | Reached skill level 7 in Shapeshifting
 16577 | D:9      | Reached XP level 11. HP: 67/67 MP: 12/12
 16616 | D:8      | Killed a two-headed ogre
 16756 | D:9      | XOM: silly message
 16763 | D:9      | XOM: silly message
 16767 | D:9      | XOM: silly message
 16831 | D:9      | Noticed a two-headed ogre
 16833 | D:9      | XOM: divination: detect items
 16838 | D:9      | Killed a two-headed ogre
 16862 | D:9      | Reached skill level 5 in Dodging
 16945 | D:9      | XOM: potion effect (attraction)
 16950 | D:9      | Reached XP level 12. HP: 69/74 MP: 10/13
 16972 | D:9      | XOM: silly message
 16986 | D:9      | Got the Tome of Fluctuating Portals
 17126 | D:9      | Found a runed translucent door.
 17130 | D:9      | XOM: potion effect (invisibility)
 17151 | D:9      | Noticed gurdl9716's ghost (novice GnCA)
 17317 | D:9      | Killed gurdl9716's ghost
 17350 | D:10     | Entered Level 10 of the Dungeon
 17364 | D:10     | XOM: divination: magic mapping
 17406 | D:10     | Found a staircase to the Lair.
 17417 | D:10     | XOM: divination: magic mapping
 17429 | D:10     | XOM: cast spell 'Summon Hydra'
 17542 | D:10     | Noticed a two-headed ogre
 17548 | D:10     | XOM: confuse monster(s)
 17550 | D:10     | XOM: enchant monster (good)
 17555 | D:10     | XOM: butterfly on damage
 17581 | D:10     | Killed a two-headed ogre
 17632 | D:10     | Found Betigeiz's Jewellery Boutique.
 17656 | D:10     | Reached skill level 8 in Shapeshifting
 17690 | D:10     | Found a staircase to the Orcish Mines.
 17781 | D:10     | XOM: potion effect (invisibility)
 17830 | D:10     | Noticed Harold
 17843 | D:10     | Killed Harold
 17973 | D:10     | XOM: cloud trail
 18088 | D:10     | XOM: give mutations
 18088 | D:10     | Gained mutation: Your spells are a little easier to cast,
                  | but a little less powerful. [Xom's mischief]
 18088 | D:10     | Lost mutation: You have supernaturally acute eyesight.
                  | (SInv) [Xom's mischief]
 18221 | D:10     | Found a bloodstained altar of Trog.
 18351 | D:11     | XOM: god gift: 18 gold pieces
 18361 | D:11     | Noticed a centaur warrior
 18362 | D:11     | XOM: potion effect (brilliance)
 18378 | D:11     | XOM: cast spell 'Cause Fear'
 18380 | D:11     | XOM: potion effect (magic)
 18385 | D:11     | XOM: confuse monster(s)
 18439 | D:11     | XOM: scenery: 1 doors open
 18449 | D:11     | XOM: destruction
 18560 | D:11     | Noticed a two-headed ogre
 18564 | D:11     | XOM: potion effect (experience)
 18564 | D:11     | Reached skill level 1 in Spellcasting
 18564 | D:11     | Reached XP level 13. HP: 81/81 MP: 13/16
 18567 | D:11     | XOM: smoke on damage
 18600 | D:11     | Reached XP level 14. HP: 86/86 MP: 14/18
 18654 | D:11     | XOM: noise
 18673 | D:11     | Reached skill level 9 in Shapeshifting
 18717 | D:11     | XOM: enchant monster (good)
 18803 | D:11     | XOM: enchant monster (bad)
 19130 | D:11     | XOM: scenery: 2 doors close
 19263 | D:11     | XOM: divination: detect creatures
 19429 | Lair:1   | Entered Level 1 of the Lair of Beasts
 19432 | Lair:1   | XOM: swap monsters
 19644 | Lair:1   | XOM: noise
 19760 | Lair:1   | Identified the +11 broad axe "Payptoex" {flame, +Blink
                  | rElec Str+3}
 19848 | Lair:1   | Identified the +1 ring mail "Yseazek" {rC+ Str+4}
 19972 | Lair:1   | XOM: cleaving
 19978 | Lair:1   | XOM: noise
 20010 | Lair:1   | XOM: give mutations
 20010 | Lair:1   | Lost mutation: You have sharp fingernails. [Xom's mischief]
 20010 | Lair:1   | Lost mutation: You have large cloven feet. [Xom's mischief]
 20017 | Lair:1   | XOM: summons 2 hostile shadow creatures
 20023 | Lair:1   | XOM: give mutations
 20023 | Lair:1   | Gained mutation: You are weak. (Str -2) [Xom's mischief]
 20023 | Lair:1   | Gained mutation: You are very weak. (Str -4) [Xom's
                  | mischief]
 20023 | Lair:1   | Gained mutation: You have hidden genetic potential. [Xom's
                  | mischief]
 20023 | Lair:1   | Lost mutation: Your mind is acute. (Int +4, Str/Dex -1)
                  | [Xom's mischief]
 20231 | Lair:2   | Found a runed translucent gate.
 20231 | Lair:2   | Found a runed translucent gate.
 20231 | Lair:2   | Found a runed translucent gate.
 20232 | Lair:2   | Noticed Vadghucic's ghost (journeyman DsFE)
 20232 | Lair:2   | Noticed Osoi's ghost (journeyman DsFi)
 20232 | Lair:2   | Noticed Wokir's ghost (journeyman DsEn)
 20232 | Lair:2   | Noticed Vadghucic's ghost (journeyman DsFE)
 20269 | Lair:2   | Found the +18 shield of the Gong {Loud rN+ Will+ rCorr
                  | EV-5}
 20279 | Lair:2   | XOM: swap monsters
 20303 | Lair:2   | Killed Vadghucic's ghost
 20304 | Lair:2   | Reached skill level 10 in Short Blades
 20333 | Lair:2   | XOM: enchant monster (bad)
 20352 | Lair:2   | XOM: cleaving
 20370 | Lair:2   | XOM: confuse monster(s)
 20375 | Lair:2   | Killed Osoi's ghost
 20376 | Lair:2   | Reached skill level 10 in Stealth
 20379 | Lair:2   | Killed Wokir's ghost
 20380 | Lair:2   | Killed Vadghucic's ghost
 20426 | Lair:2   | XOM: fake destruction
 20457 | Lair:2   | XOM: summons 5 friendly demons
 20494 | Lair:2   | XOM: divination: magic mapping
 20504 | Lair:2   | XOM: enchant monster (good)
 20522 | Lair:2   | XOM: destruction
 20550 | Lair:2   | Found a frozen archway.
 20554 | IceCv    | Entered an ice cave
 20659 | IceCv    | XOM: silly message
 20663 | IceCv    | XOM: potion effect (magic)
 20665 | IceCv    | Reached skill level 10 in Shapeshifting
 20770 | IceCv    | XOM: divine lightning
 20825 | IceCv    | XOM: god gift: scroll of blinking
 20854 | IceCv    | XOM: cleaving
 20906 | IceCv    | XOM: confuse monster(s)
 20927 | IceCv    | XOM: scenery: summon butterflies
 20939 | IceCv    | XOM: summons friendly white imp
 20947 | IceCv    | XOM: smoke on damage
 20962 | IceCv    | XOM: divine lightning
 20969 | IceCv    | XOM: enchant monster (good)
 20974 | IceCv    | Reached XP level 15. HP: 45/94 MP: 19/19
 21026 | IceCv    | Noticed a frost giant
 21035 | IceCv    | XOM: butterfly on damage
 21043 | IceCv    | Killed a frost giant
 21087 | IceCv    | XOM: scenery: create altars
 21662 | Lair:2   | XOM: smoke on damage
 21666 | Lair:2   | XOM: potion effect (haste)
 21918 | Lair:2   | XOM: summons friendly iron imp
 22324 | Lair:2   | XOM: scenery: create altars
 22445 | Lair:3   | Found a staircase to the Shoals.
 22456 | Lair:2   | XOM: summons friendly quasit
 22468 | Lair:3   | XOM: give mutations
 22468 | Lair:3   | Gained mutation: You have sharp fingernails. [Xom's grace]
 22468 | Lair:3   | Gained mutation: Your flesh is cold resistant. (rC+) [Xom's
                  | grace]
 22472 | Lair:2   | XOM: scenery: summon butterflies
 22705 | Lair:3   | Noticed Gastronok
 22705 | Lair:3   | XOM: summons 13 friendly demons
 22710 | Lair:3   | XOM: cleaving
 22719 | Lair:3   | Killed Gastronok
 22729 | Lair:3   | Gained mutation: You have great hidden genetic potential.
                  | [hidden potential]
 22773 | Lair:3   | XOM: give mutation
 22773 | Lair:3   | Gained mutation: Your mind is acute. (Int +4, Str/Dex -1)
                  | [Xom's grace]
 23139 | Lair:3   | Found a staircase to the Snake Pit.
 23537 | Lair:4   | XOM: confuse monster(s)
 23760 | Lair:4   | XOM: blink monster(s)
 23826 | Lair:4   | XOM: chaos cloud
 23827 | Lair:4   | XOM: silly message
 23833 | Lair:4   | XOM: destruction
 23862 | Lair:4   | XOM: cast spell 'Summon Horrible Things'
 24019 | Lair:4   | Reached skill level 11 in Shapeshifting
 24315 | Lair:5   | Entered Level 5 of the Lair of Beasts
 24349 | Lair:5   | XOM: swap monsters
 24387 | Lair:5   | XOM: summons friendly crimson imp
 24417 | Lair:5   | Reached skill level 10 in Fighting
 24434 | Lair:5   | XOM: cleaving
 24435 | Lair:5   | XOM: cleaving
 24456 | Lair:5   | XOM: polymorph blink frog -> shapeshifter
 24519 | Lair:5   | XOM: polymorph komodo dragon -> yak
 24601 | Lair:5   | XOM: cast spell 'Summon Mana Viper'
 24611 | Lair:5   | XOM: divination: detect items
 24615 | Lair:5   | XOM: enchant monster (good)
 24617 | Lair:5   | XOM: divination: detect creatures
 24672 | Lair:5   | XOM: repel stairs
 24822 | Lair:5   | XOM: enchant monster (good)
 24875 | Lair:5   | XOM: divination: detect creatures
 24878 | Lair:5   | XOM: enchant monster (good)
 24885 | Lair:5   | XOM: polymorph komodo dragon -> shapeshifter
 24924 | Lair:5   | Reached skill level 12 in Shapeshifting
 24924 | Lair:5   | Reached XP level 16. HP: 96/102 MP: 20/20
 24925 | Lair:5   | XOM: 2-stop teleportation journey
 25000 | Lair:5   | Found a viscous altar of Jiyva.
 25000 | Lair:5   | Found a staircase to the Slime Pits.
 25035 | Lair:5   | XOM: polymorph skyshark -> snapping turtle
 25227 | Lair:5   | Found a large runed translucent door.
 25251 | Lair:5   | XOM: summons 7 friendly demons
 25255 | Lair:5   | XOM: 1-stop teleportation journey
 25347 | Lair:5   | XOM: enchant monster (good)
 25389 | Lair:5   | Found a large runed translucent door.
 25742 | Orc:1    | Entered Level 1 of the Orcish Mines
 25846 | Orc:2    | XOM: noise
 25846 | Orc:2    | Entered Level 2 of the Orcish Mines
 25861 | Orc:2    | XOM: cast spell 'Summon Small Mammal'
 25879 | Orc:2    | XOM: summons friendly quasit
 25928 | Orc:2    | XOM: god gift: atropa-tipped dart
 25965 | Orc:2    | Found a staircase to the Elven Halls.
 26007 | Orc:2    | XOM: scenery: create altars
 26095 | Orc:1    | XOM: silly message
 26204 | Orc:1    | XOM: silly message
 26250 | Orc:2    | XOM: chaos cloud
 26263 | Orc:2    | XOM: enchant monster (bad)
 26273 | Orc:2    | Paralysed by something for 2 turns
 26319 | Orc:1    | Gained mutation: You are agile. (Dex +4, Str/Int -1)
                  | [hidden potential]
 26319 | Orc:1    | Lost mutation: You have great hidden genetic potential.
                  | [hidden potential expressed]
 26367 | Orc:1    | XOM: swap monsters
 26456 | Orc:1    | XOM: torment (60/103 hp)
 26533 | Orc:2    | XOM: polymorph two-headed ogre -> glowing shapeshifter
 26548 | Orc:1    | XOM: confusion (+ monsters)
 26554 | Orc:1    | Reached skill level 13 in Shapeshifting
 26581 | Orc:2    | XOM: smoke on damage
 26611 | Orc:2    | XOM: 3-stop teleportation journey
 26616 | Orc:2    | Found Gasigg's Magic Scroll Emporium.
 26626 | Orc:2    | XOM: silly message
 26644 | Orc:2    | Found Pobentoer's General Store.
 26644 | Orc:2    | Found Siod's Assorted Antiques.
 26644 | Orc:2    | Found Ceisalu's Weapon Shop.
 26740 | Orc:2    | Bought a scroll of fear for 40 gold pieces
 26741 | Orc:2    | Bought the +0 helmet "Aliujauz" {rPois Int+2 Dex+3 SInv}
                  | for 456 gold pieces
 27332 | D:12     | XOM: give mutations
 27332 | D:12     | Lost mutation: Your mind is acute. (Int +4, Str/Dex -1)
                  | [Xom's mischief]
 27332 | D:12     | Lost mutation: Your spells are a little easier to cast, but
                  | a little less powerful. [Xom's mischief]
 27334 | D:12     | XOM: silly message
 27348 | D:12     | Noticed Erolcha
 27358 | D:12     | Killed Erolcha
 27920 | D:13     | Noticed Snorg
 27924 | D:13     | Snorg changed into Snorg the lindwurm
 27924 | D:13     | Noticed Snorg
 27924 | D:13     | XOM: polymorph Snorg -> Snorg the lindwurm
 27926 | D:13     | XOM: blink monster(s)
 27927 | D:13     | XOM: confuse monster(s)
 27931 | D:13     | Killed Snorg the lindwurm
 27968 | D:13     | XOM: swap monsters
 28002 | D:13     | XOM: 1-stop teleportation journey
 28084 | D:13     | Noticed Rupert
 28097 | D:13     | Killed Rupert
 28312 | D:13     | Noticed Lodul
 28324 | D:13     | Killed Lodul
 28346 | D:13     | XOM: noise
 28347 | D:13     | XOM: fog
 28530 | D:13     | XOM: swap monsters
 28619 | D:13     | Found a gate to the Vaults.
 28624 | D:13     | Reached skill level 14 in Shapeshifting
 28785 | D:14     | XOM: divination: detect items
 28787 | D:14     | XOM: summons friendly iron imp
 28843 | D:14     | XOM is BORED!
 28933 | D:14     | Reached XP level 17. HP: 108/108 MP: 21/21
 28942 | D:14     | XOM: swap monsters
 29159 | D:14     | XOM: give mutations
 29159 | D:14     | Lost mutation: You have sharp fingernails. [Xom's mischief]
 29159 | D:14     | Gained mutation: You occasionally lose the ability to drink
                  | potions when taking damage. [Xom's mischief]
 29231 | D:14     | XOM: summons 4 hostile shadow creatures
 29327 | D:15     | Entered Level 15 of the Dungeon
 29336 | D:15     | XOM: noise
 29374 | D:15     | Reached skill level 1 in Shields
 29475 | D:15     | Noticed Azrael
 29502 | D:15     | Killed Azrael
 29571 | D:15     | Identified the +2 leather armour "Osanozxe" {rC+++ Will-
                  | Dex-2 SInv}
 29612 | D:15     | XOM: polymorph cyan ugly thing -> brown ugly thing
 29655 | D:15     | XOM: silly message
 29659 | D:15     | XOM: silly message
 29660 | D:15     | Gained mutation: You have an increased reservoir of magic.
                  | (+10% MP) [hidden potential]
 29662 | D:15     | XOM: silly message
 29675 | D:15     | XOM: summons friendly crimson imp
 29787 | D:15     | Found a staircase to the Depths.
 30007 | D:15     | XOM: god gift: scroll of amnesia
 30225 | Snake:1  | Entered Level 1 of the Snake Pit
 30392 | Snake:1  | Reached skill level 15 in Shapeshifting
 30529 | Snake:1  | XOM: confuse monster(s)
 30751 | Snake:1  | XOM: cloud trail
 30764 | Snake:1  | Found a runed translucent door.
 30835 | Snake:1  | XOM: noise
 30887 | Snake:1  | XOM: 1-stop teleportation journey
 30986 | Snake:1  | Found Zahoutea's Distillery.
 31006 | Snake:1  | Bought a potion of might for 72 gold pieces
 31284 | Snake:1  | XOM: repel stairs
 31310 | Snake:1  | XOM: polymorph naga ritualist -> guardian serpent
 31433 | Snake:2  | Noticed Roxanne
 31654 | Snake:2  | XOM: give mutations
 31654 | Snake:2  | Lost mutation: You are very robust. (+20% HP) [Xom's
                  | mischief]
 31654 | Snake:2  | Gained mutation: You have great hidden genetic potential.
                  | [Xom's mischief]
 31654 | Snake:2  | Gained mutation: Your system is resistant to poisons.
                  | (rPois) [Xom's mischief]
 31654 | Snake:2  | Lost mutation: Your system is resistant to poisons. (rPois)
                  | [Xom's mischief]
 31822 | Snake:2  | Identified the +0 leather armour "Ytuthu" {MP+9 Int+4}
 32025 | Snake:2  | Found Gyomneh's Antique Armour Shop.
 32058 | Snake:2  | Bought a shimmering hat for 288 gold pieces
 32058 | Snake:2  | Identified the +1 hat of Fedhas, Sharing {rElec Str-5
                  | Int+4} (You bought it in a shop on level 2 of the Snake
                  | Pit)
 32058 | Snake:2  | Bought a pair of runed boots for 240 gold pieces
 32139 | Snake:2  | Found a bloodstained altar of Trog.
 32389 | Snake:2  | XOM: god gift: +2 barding of cold resistance
 32647 | Snake:2  | Noticed Nikola
 32668 | Snake:2  | Killed Nikola
 32723 | Snake:2  | XOM: confusion (+ monsters)
 32736 | Snake:2  | XOM: god gift: sling {god gift}
 32948 | Snake:3  | XOM: polymorph nagaraja -> shapeshifter
 32977 | Snake:3  | XOM: enchant monster (good)
 33085 | Snake:3  | XOM: divination: detect items
 33086 | Snake:3  | XOM: enchant monster (good)
 33100 | Snake:3  | XOM: summons 2 friendly demons
 33132 | Snake:3  | XOM: summons friendly iron imp
 33133 | Snake:3  | XOM: polymorph iron imp -> cerulean imp
 33138 | Snake:3  | XOM: smoke on damage
 33276 | Snake:3  | Reached XP level 18. HP: 105/105 MP: 24/24
 33374 | Snake:3  | Found Sibrik's Book Shop.
 33376 | Snake:3  | Found Joshonem's Jewellery Boutique.
 33378 | Snake:3  | Found Amid's Book Shop.
 33626 | Snake:3  | Reached skill level 16 in Shapeshifting
 33656 | Snake:3  | XOM: enchant monster (bad)
 33823 | Snake:3  | XOM: silly message
 33879 | Snake:3  | XOM: silly message
 33998 | Snake:4  | Entered Level 4 of the Snake Pit
 34007 | Snake:4  | Found Tiluk's Self-Improvement Boutique.
 34011 | Snake:4  | Noticed Vashnia
 34029 | Snake:4  | XOM: noise
 34031 | Snake:3  | XOM: potion effect (might)
 34050 | Snake:4  | XOM: confuse monster(s)
 34055 | Snake:4  | XOM: cast spell 'Cause Fear'
 34061 | Snake:4  | Killed Vashnia
 34065 | Snake:4  | XOM: divination: detect items
 34073 | Snake:4  | Reached skill level 15 in Stealth
 34074 | Snake:4  | XOM: polymorph naga sharpshooter -> death drake
 34180 | Snake:4  | Reached skill level 10 in Dodging
 34198 | Snake:4  | XOM: cast spell 'Summon Horrible Things'
 34244 | Snake:4  | Noticed Louise
 34293 | Snake:4  | Found an ornate altar of the Wu Jian Council.
 34541 | Snake:4  | XOM: 2-stop teleportation journey
 34608 | Snake:4  | XOM: god gift: book of Displacement
 34631 | Snake:4  | XOM: divination: detect items
 34744 | Snake:4  | XOM: scenery: create altars
 34750 | Snake:4  | Killed Louise
 34808 | Snake:4  | XOM: scenery: 1 fountains blood, 1 doors open
 34867 | Snake:4  | XOM: chaos upgrade
 34875 | Snake:4  | XOM: chaos upgrade
 34931 | Snake:4  | Noticed a quicksilver dragon
 34936 | Snake:4  | Killed a quicksilver dragon
 34940 | Snake:4  | Got a serpentine rune of Zot
 35139 | Snake:4  | XOM: summons 4 hostile demons
 35330 | Snake:1  | XOM: give mutations
 35330 | Snake:1  | Lost mutation: You are agile. (Dex +4, Str/Int -1) [Xom's
                  | mischief]
 35330 | Snake:1  | Gained mutation: Armour fits poorly on your strangely
                  | shaped body. [Xom's mischief]
 35359 | Shoals:1 | Entered Level 1 of the Shoals
 35466 | Lair:3   | XOM: give mutations
 35466 | Lair:3   | Lost mutation: You have great hidden genetic potential.
                  | [Xom's mischief]
 35466 | Lair:3   | Lost mutation: You occasionally lose the ability to drink
                  | potions when taking damage. [Xom's mischief]
 35466 | Lair:3   | Lost mutation: You are very weak. (Str -4) [Xom's mischief]
 36080 | Lair:3   | XOM: cloud trail
 36445 | Lair:3   | XOM: cloud trail
 36553 | Lair:3   | XOM: give mutations
 36553 | Lair:3   | Gained mutation: You occasionally shout uncontrollably at
                  | your foes. [Xom's mischief]
 36553 | Lair:3   | Lost mutation: You are weak. (Str -2) [Xom's mischief]
 36553 | Lair:3   | Lost mutation: Armour fits poorly on your strangely shaped
                  | body. [Xom's mischief]
 36729 | Shoals:1 | XOM: confuse monster(s)
 36732 | Shoals:1 | XOM: polymorph water nymph -> swamp dragon
 36758 | Shoals:1 | XOM: 2-stop teleportation journey
 37038 | Shoals:1 | XOM: confuse monster(s)
 37042 | Shoals:1 | XOM: potion effect (invisibility)
 37224 | Shoals:1 | XOM: confuse monster(s)
 37229 | Shoals:1 | XOM: smoke on damage
 37236 | Shoals:1 | Reached XP level 19. HP: 111/112 MP: 25/25
 37239 | Shoals:1 | Found Rocwa's Antique Armour Shoppe.
 37247 | Shoals:1 | Bought a glowing buckler for 210 gold pieces
 37543 | Shoals:2 | XOM: cast spell 'Monstrous Menagerie'
 37620 | Shoals:2 | XOM: 2-stop teleportation journey
 37653 | Shoals:2 | XOM: swap monsters
 37657 | Shoals:2 | XOM: enchant monster (good)
 37658 | Shoals:2 | XOM: silly message
 37687 | Shoals:2 | Reached skill level 5 in Shields
 37741 | Shoals:2 | Found a blossoming altar of Fedhas.
 37749 | Shoals:2 | XOM: noise
 37750 | Shoals:2 | XOM: scenery: summon butterflies
 37761 | Shoals:2 | Reached skill level 17 in Shapeshifting
 38026 | Shoals:2 | Found a glowing golden altar of the Shining One.
 38206 | Shoals:3 | XOM: confuse monster(s)
 38219 | Shoals:3 | XOM: potion effect (magic)
 38221 | Shoals:3 | XOM: divination: detect creatures
 38268 | Shoals:3 | Gained mutation: Your spells are a little harder to cast,
                  | but a little more powerful. [hidden potential]
 38268 | Shoals:3 | Lost mutation: You have hidden genetic potential. [hidden
                  | potential expressed]
 38458 | Shoals:3 | XOM: enchant monster (bad)
 38739 | Shoals:3 | XOM: confusion (+ monsters)
 38741 | Shoals:3 | XOM: enchant monster (bad)
 38773 | Shoals:3 | XOM: give mutations
 38773 | Shoals:3 | Gained mutation: You have a somewhat thin skeletal
                  | structure. (Dex +2, Stealth+) [Xom's mischief]
 38773 | Shoals:3 | Gained mutation: You occasionally lose the ability to drink
                  | potions when taking damage. [Xom's mischief]
 38773 | Shoals:3 | Lost mutation: You occasionally shout uncontrollably at
                  | your foes. [Xom's mischief]
 38773 | Shoals:3 | Gained mutation: Armour fits poorly on your strangely
                  | shaped body. [Xom's mischief]
 38852 | Shoals:3 | XOM: enchant monster (bad)
 38884 | Shoals:3 | XOM: chaos cloud
 39046 | Shoals:3 | XOM: chaos cloud
 39223 | Shoals:3 | XOM: smoke on damage
 39413 | Shoals:3 | XOM: chaos upgrade
 39460 | Shoals:3 | XOM: smoke on damage
 39650 | Shoals:4 | Entered Level 4 of the Shoals
 39687 | Shoals:4 | Identified the +7 plate armour "Ucsack" {Harm rCorr}
 39691 | Shoals:4 | XOM: smoke on damage
 39768 | Shoals:4 | Got Sif Muna's Compilation of Frostbitten Vapour
 39929 | Shoals:4 | XOM: scenery: summon butterflies
 39947 | Shoals:4 | XOM: noise
 39950 | Shoals:4 | XOM: cast spell 'Discord'
 39968 | Shoals:4 | XOM: chaos cloud
 39978 | Shoals:4 | HP: 5/168 [manticore (4)]
 39978 | Shoals:4 | Mangled by a snapping turtle

Illustrated notes

Levels and vault maps discovered:
D:1:      dpeg_arrival_snail, layout_basic, st_stairs_2
D:2:      layout_loops_corners, serial_shops, nicolae_shop_advertising_works
          [nicolae_subvault_shop_adworks], ebering_ecumenical_altar_ruins,
          uniq_natasha
D:3:      layout_basic, tso_altar, minmay_close_crescents, uniq_jessica
D:4:      layout_layer_cave, kennysheep_little_box,
          nicolae_overflow_two_pavilions, nicolae_shop_vocational, uniq_sigmund
D:5:      layout_loops_ring, mainiacjoe_overflow_brackets,
          nicolae_shop_distant_corner_stores, hangedman_decor_opposing
D:6:      layout_layer_cave, grunt_decor_cap
D:7:      layout_rooms, kiku_gazebo_pond_becter, minmay_temple_entry_waves,
          uniq_menkaure
D:8:      layout_basic, gammafunk_ghost_gnarly_gnolls, minmay_tree_intersection,
          minmay_hollow_rounded_squares, uniq_pikel
D:9:      layout_long_grid, ebering_ghost_reflecting_pool, hangedman_incinerator
D:10:     layout_irregular_city, trog_book, erik_lair_orcish_takeover,
          orc_0_dummy, serial_shops, nicolae_shop_gaudy_bauble, uniq_harold
D:11:     cheibrodos_fzero, layout_irregular_city, patterned_corridor
D:12:     layout_stronghold, serial_column_ruins, column_ruins_hut_ruined,
          column_ruins_grid_1, column_ruins_open_medium,
          column_ruins_open_medium_water, column_ruins_columns_straight,
          column_ruins_grid_2, uniq_erolcha
D:13:     layout_basic, grunt_vaults_entry_fortified, uniq_snorg, uniq_rupert,
          uniq_lodul
D:14:     layout_roguey, minmay_misc_feat_room
D:15:     hangedman_depths_entry_try_elsewhere_first, layout_rooms,
          minmay_misc_feat_ornament, uniq_azrael
Lair:1:   layout_roguey, lemuel_fruit_tree
Lair:2:   layout_layer_cave, portal_ice_cave_entry_pillars_2,
          gammafunk_ghost_cemetery, grunt_megastairs_4
Lair:3:   layout_cave_pods, nicolae_shoals_entry_roost,
          guppyfry_snake_entry_garden, serial_bayou_shore_b, uniq_gastronok
Lair:4:   layout_loops_ring, serial_rivers, chequers_serial_rivers_small_a,
          chequers_serial_rivers_micro_e, chequers_serial_rivers_marsh,
          chequers_serial_rivers_large_b, chequers_serial_rivers_micro_c
Lair:5:   cheibrodos_lair_end_hotspot, layout_long_grid,
          dpeg_slime_entry_corner, ldierk_geyser, serial_bayou_shore_a
Shoals:1: layout_shoals, serial_shops, nicolae_shop_getting_attention,
          nicolae_shoals_dead_sea_scrolls
Shoals:2: layout_shoals, nicolae_shoals_circle_sea_wall,
          hangedman_feature_mirror, nicolae_shoals_spring_well_temple
Shoals:3: cheibrodos_shoals_epimethial_gifts, layout_shoals, overgrown_hall
Shoals:4: shoals_end_simple, layout_shoals, uniq_polyphemus
Snake:1:  cheibrodos_toxic_ritual, layout_concentric_octagons, serial_shops,
          shop
Snake:2:  layout_basic, basic_altar, serial_shops, shop, uniq_nikola,
          uniq_roxanne
Snake:3:  layout_misc_corridors, grunt_megastairs_2, minmay_shop_star
Snake:4:  hellmonk_snake_rune_quicksilver_temple, layout_cave_town, basic_altar,
          nicolae_shop_self_help, uniq_louise, uniq_vashnia
Orc:1:    layout_caves
Orc:2:    st_orc_ogre_mass, layout_caves

Skill      XL: |  1  2  3  4  5  6  7  8  9 10 11 12 13 14 15 16 17 18 19 |
---------------+----------------------------------------------------------+-----
Dodging        | 1 2 3 4 5 6 7 8 9 10 11 | 11.1
Short Blades   | 3 4 5 6 7 8 9 10 11 12 | 12.0
Fighting       | 3 4 6 7 9 10 11 12 | 12.1
Shapeshifting  | 1 2 3 4 7 8 10 12 14 15 16 17 | 17.6
Armour         | 2 3 4 5 6 7 8 9 |  9.3
Stealth        | 2 3 4 5 7 9 11 12 13 14 15 16 | 16.6
Evocations     | 1 3 4 6 8 |  8.4
Spellcasting   | 1 2 |  2.0
Shields        | 2 4 6 |  6.4

Action                     |  1- 3 |  4- 6 |  7- 9 | 10-12 | 13-15 | 16-18 | 19-21 || total
---------------------------+-------+-------+-------+-------+-------+-------+-------++-------
  Melee: Short sword       |    94 |   103 |    89 |       |       |       |       ||   286
         Bite              |    27 |    21 |    73 |   166 |   549 |   864 |   236 ||  1936
         Punch             |     1 |     3 |     1 |     5 |    18 |    12 |       ||    40
         Kick              |     1 |    28 |    73 |   180 |    99 |       |       ||   381
         Dagger            |       |       |   119 |   417 |  1070 |  1656 |   496 ||  3758
         Maw               |       |       |       |       |   165 |   801 |   205 ||  1171
  Evoke: Wand              |       |       |       |     2 |       |    12 |     4 ||    18
         Lightning rod     |       |       |       |       |     1 |     3 |     1 ||     5
    Use: Scroll            |       |       |     9 |     4 |     5 |     9 |     3 ||    30
         Potion            |       |       |       |     2 |     1 |     1 |       ||     4
   Stab: Sleeping          |     1 |     4 |     5 |     5 |    20 |    54 |    13 ||   102
         Confused          |       |       |     2 |     1 |    13 |     9 |     4 ||    29
         Invisible         |       |       |       |     7 |       |       |       ||     7
         Distracted        |       |       |       |     2 |     3 |     7 |     1 ||    13
         Paralysed         |       |       |       |       |     1 |       |       ||     1
 Armour: Leather armour    |    50 |    22 |       |       |       |       |       ||    72
         Ring mail         |       |    34 |   112 |   251 |   249 |       |       ||   646
         Skin              |       |       |       |       |   192 |   666 |   243 ||  1101
         Ice dragon scales |       |       |       |       |   118 |       |       ||   118
  Dodge: Dodged            |    59 |    39 |   124 |   212 |   493 |   915 |   318 ||  2160
  Block: Buckler           |       |       |       |       |       |   199 |   169 ||   368
         Reflection        |       |       |       |       |       |       |    20 ||    20
   Form: Beast             |       |       |       |     1 |       |       |       ||     1
         Maw               |       |       |       |       |     1 |       |       ||     1

Table legend: (Time is in decaauts)
 A = Elapsed time spent in this place.
 B = Non-inter-level travel time spent in this place.
 C = Inter-level travel time spent in this place.
 D = Time resting spent in this place.
 E = Time spent auto-exploring this place.
 F = Levels seen in this place.
 G = Mean time per level.
                   A        B        C        D        E       F      G
               +--------+--------+--------+--------+--------+-----+--------+
         Total |  38484 |  36795 |   1689 |  11556 |  18448 |  31 | 1241.4 |
       Dungeon |  22174 |  21141 |   1033 |   9482 |   9100 |  15 | 1478.3 |
          Lair |   6392 |   6060 |    332 |   1407 |   3478 |   5 | 1278.4 |
        Shoals |   3203 |   3125 |     78 |    305 |   1736 |   4 |  800.8 |
     Snake Pit |   4794 |   4622 |    172 |    288 |   3161 |   4 | 1198.5 |
  Orcish Mines |   1082 |   1010 |     72 |     30 |    554 |   2 |  541.0 |
      Ice Cave |    836 |    836 |      0 |     43 |    418 |   1 |  836.0 |
               +--------+--------+--------+--------+--------+-----+--------+

Top non-repeatable levels by time:
     D:1: 10216 daAuts
  Lair:3: 2402 daAuts
 Snake:2: 1685 daAuts
     D:4: 1330 daAuts
Shoals:3: 1319 daAuts
  Lair:2: 1228 daAuts
  Lair:5: 1186 daAuts
 Snake:1: 1163 daAuts
     D:6: 1151 daAuts
 Snake:4: 1132 daAuts
    D:11: 1113 daAuts
     D:8: 1103 daAuts
    D:10: 1007 daAuts
    D:12: 876 daAuts
   IceCv: 836 daAuts
